 Dungeon Crawl Stone Soup version 0.19-a0-854-gc78d25d (webtiles) character file.

145 Implojin the Chopper (level 5, -2/45 HPs)
             Began as a Minotaur Fighter on July 2, 2016.
             Slain by a centaur (4 damage)
             ... on level 5 of the Dungeon.
             The game lasted 00:02:36 (396 turns).

Implojin the Chopper (Minotaur Fighter)              Turns: 396, Time: 00:02:36

Health: -2/45      AC:  9    Str: 20    XL:     5   Next: 6%
Magic:  4/4        EV:  5    Int:  5    God:
Gold:   10         SH:  9    Dex: 11    Spells: 0 memorised, 4 levels left

rFire  . . .     SeeInvis .     a - +0 war axe
rCold  . . .     Gourm    .     l - +0 chain mail
rNeg   . . .     Faith    .     c - +0 shield
rPois  .         Spirit   .     (helmet restricted)
rElec  .         Dismiss  .     (no cloak)
rCorr  .         Reflect  .     (no gloves)
SustAt .         Harm     .     (no boots)
MR     .....                    (no amulet)
Stlth  ..........               (no ring)
                                (no ring)

@: not resistant to hostile enchantments, extremely unstealthy
A: retaliatory headbutt, horns 2
a: no special abilities


You were on level 5 of the Dungeon.
You were not hungry.

You visited 1 branch of the dungeon, and saw 6 of its levels.

You collected 10 gold pieces.

Inventory:

Hand Weapons
 a - a +0 war axe (weapon)
Armour
 b - a +0 scale mail
 c - a +0 shield (worn)
 d - a +0 leather armour of cold resistance
 l - a +0 chain mail (worn)
Scrolls
 e - a scroll of identify {unknown}
 i - a scroll of fear {unknown}
 k - a scroll of remove curse {unknown}
 m - a scroll of teleportation {unknown}
Comestibles
 f - 2 bread rations
 h - a meat ration
 j - 2 chunks of flesh


   Skills:
 - Level 3.6 Fighting
 * Level 6.4 Axes
 - Level 3.6 Armour
 - Level 3.6 Shields


You had 4 spell levels left.
You didn't know any spells.

Dungeon Overview and Level Annotations

Branches:
Dungeon (6/15)
 Temple: D:4-7

Altars:

Annotations:
D:6 Sigmund


Innate Abilities, Weirdness & Mutations

You reflexively headbutt those who attack you in melee.
You have a pair of horns on your head.


Message History

Unknown command.
Your shield and chain mail prevent you from hitting the giant newt.
You block the giant newt's attack.
The giant newt bites you but does no damage.
Unknown command.
You closely miss the adder. Your headbutt misses the adder.
You barely miss the giant newt. The adder bites you but does no damage.
The giant newt bites you but does no damage.
You block the adder's attack.
Unknown command.
You closely miss the adder. Your headbutt misses the adder.
You closely miss the giant newt. x2; You block the giant newt's attack.
The adder bites you.
* * * LOW HITPOINT WARNING * * *
The giant newt barely misses you. You furiously retaliate!
You headbutt the giant newt.
You kill the giant newt!
The giant newt bites you but does no damage.
Unknown command.
You slash the adder!
You kill the adder!
You have reached level 5!
You closely miss the giant newt.
The giant newt bites you but does no damage.
Your chain mail prevents you from hitting the giant newt.
The giant newt barely misses you.
You closely miss the giant newt.
The giant newt bites you but does no damage.
The giant newt closely misses you. You block the giant newt's attack.
The giant newt bites you but does no damage.
You block the giant newt's attack. The giant newt closely misses you.
You see here an adder corpse.
You closely miss the centaur. You closely miss the giant newt.
The centaur unwields an uncursed shortbow of freezing.
The centaur hits you.
* * * LOW HITPOINT WARNING * * *
The centaur hits you.
You die...

...... #........
......##........
...............
..............
#....!.......
#............
#.......(....
#..†>@.......
#..(cl.......
#............
####.........
#..........
#...........
#c...........
#............
#...........


You could see a centaur and a giant newt.

Vanquished Creatures
  A howler monkey (D:6)
  The ghost of blooo the Changer, a weakling SpTm (D:3)
  An orc priest (D:3)
  An adder (D:5)
  A giant gecko (D:2)
  10 orcs (D:3)
  3 bats
  2 hobgoblins
  3 jackals
  A ball python (D:2)
  2 giant newts
  3 goblins
  A rat (D:1)
30 creatures vanquished.

Notes
Turn   | Place    | Note
-------+----------+-------------------------------------------
     0 | D:1      | Implojin the Minotaur Fighter began the quest for the Orb.
     0 | D:1      | Reached XP level 1. HP: 19/19 MP: 0/0
    86 | D:1      | Reached skill level 3 in Axes
    90 | D:2      | Reached XP level 2. HP: 17/26 MP: 1/1
   241 | D:3      | Reached skill level 4 in Axes
   272 | D:3      | Noticed blooo's ghost (weakling SpTm)
   276 | D:3      | Reached XP level 3. HP: 22/31 MP: 2/2
   282 | D:3      | Reached skill level 5 in Axes
   285 | D:3      | Killed blooo's ghost
   285 | D:3      | Reached XP level 4. HP: 7/39 MP: 3/3
   365 | D:5      | Entered Level 5 of the Dungeon
   365 | D:5      | Noticed a centaur
   378 | D:6      | Reached skill level 6 in Axes
   383 | D:6      | Noticed Sigmund
   389 | D:5      | Reached XP level 5. HP: 4/45 MP: 4/4
   396 | D:5      | HP: 2/45 [centaur (3)]
   396 | D:5      | Slain by a centaur

Vault maps used:
D:1:      scummos_arrival_simple_fountains, serial_park_tiny_pond
D:2:      first_bread
D:4:      serial_shops, shop, shop, nicolae_shop_window_shopping, shop, shop,
          roderic_st_hans_cross
D:5:      uniq_crazy_yiuf_cottage, uniq_prince_ribbit1
D:6:      serial_shops, shop_statue, enter_ossuary_4, centaur_isle,
          uniq_duvessa, uniq_sigmund

Skill      XL: |  1  2  3  4 |
---------------+-------------+-----
Axes           | 3 4 5 6 |  6.4
Fighting       | |  3.6
Armour         | |  3.6
Shields        | |  3.6

Action                   |  1- 3 |  4- 6 || total
-------------------------+-------+-------++-------
Melee: War axe           |    40 |    14 ||    54
       Headbutt          |     5 |     1 ||     6
  Use: Potion            |     1 |     1 ||     2
Armor: Scale mail        |    26 |       ||    26
       Chain mail        |    15 |     9 ||    24
Dodge: Dodged            |    35 |     8 ||    43
Block: Shield            |    60 |     8 ||    68

Table legend:
 A = Turns spent in this place as a percentage of turns spent in the entire game.
 B = Non-inter-level travel turns spent in this place as a percentage of non-inter-level travel turns spent in the entire game.
 C = Inter-level travel turns spent in this place as a percentage of turns spent in this place.
 D = Turns resting spent in this place as a percentage of non-inter-level travel turns spent in this place.
 E = Turns spent auto-exploring this place as a percentage of non-inter-level travel turns spent in this place.
 F = Non-inter-level travel turns spent in this place divided by the number of levels of this place that you've seen.
                   A       B       C       D       E      F
               +-------+-------+-------+-------+-------+----------------------
         Total | 100.0 | 100.0 |   0.0 |   1.0 |   0.0 |  65.2
       Dungeon | 100.0 | 100.0 |   0.0 |   1.0 |   0.0 |  65.2
               +-------+-------+-------+-------+-------+----------------------

Table legend:
 A = Kills in this place as a percentage of kills in entire the game.
 B = Kills by you in this place as a percentage of kills by you in the entire game.
 C = Kills by friends in this place as a percentage of kills by friends in the entire game.
 D = Other kills in this place as a percentage of other kills in the entire game.
 E = Experience gained in this place as a percentage of experience gained in the entire game.
 F = Experience gained in this place divided by the number of levels of this place that you have seen.
                   A       B       C       D       E      F
               +-------+-------+-------+-------+-------+----------------------
         Total | 100.0 | 100.0 |  -nan |  -nan | 100.0 |  34.7
       Dungeon | 100.0 | 100.0 |  -nan |  -nan | 100.0 |  34.7
               +-------+-------+-------+-------+-------+----------------------
